 Dungeon Crawl Stone Soup version 0.19.1 (webtiles) character file.

56402 Apert the Severer (level 14, -10/135 HPs)
             Began as a Minotaur Berserker on Nov 23, 2016.
             Was the Champion of Trog.
             Killed from afar by a wretched star (16 damage)
             ... with an orb of energy
             ... on level 3 of the Abyss.
             The game lasted 01:20:20 (16611 turns).

Apert the Severer (Minotaur Berserker)             Turns: 16611, Time: 01:20:20

Health: -10/135    AC: 22    Str: 29    XL:     14   Next: 41%
Magic:  0/13       EV: 11    Int:  8    God:    Trog [******]
Gold:   1486       SH:  0    Dex: 18    Spells: 0 memorised, 13 levels left

rFire  + . .     SeeInvis .     S - +8 battleaxe "Ymulec" {drain, rN+}
rCold  . . .     Gourm    .     T - +2 plate armour of the Storm King {rPois Str+3 Int+4 Dex+5}
rNeg   + . .     Faith    .     (shield currently unavailable)
rPois  +         Spirit   +     (helmet restricted)
rElec  .         Reflect  .     N - +0 cloak
rCorr  .         Harm     .     F - +0 pair of gloves
MR     +....                    x - +0 pair of boots
Stlth  ..........               P - amulet of guardian spirit
                                I - ring of protection from fire
                                G - +2 ring of strength

@: exhausted, slowed, very slow
A: retaliatory headbutt, horns 2
a: Berserk, Trog's Hand, Brothers in Arms, Burn Spellbooks, Renounce Religion


You were on level 3 of the Abyss.
You worshipped Trog.
Trog was exalted by your worship.
You were hungry.

You visited 2 branches of the dungeon, and saw 16 of its levels.
You visited the Abyss 1 time.
You also visited: Labyrinth, Sewer, Ice Cave and Volcano.

You collected 1508 gold pieces.
You spent 22 gold pieces at shops.

Inventory:

Hand Weapons
 e - a +3 hand axe of freezing
 n - a cursed -1 war axe
 S - the +8 battleaxe "Ymulec" (weapon) {drain, rN+}
   (You found it in a labyrinth)

   A truly terrible weapon, it drains the life of those it strikes.
   It protects you from negative energy.
Armour
 x - a +0 pair of boots (worn)
 y - a +0 large shield
 F - a +0 pair of gloves (worn)
 N - a +0 cloak (worn)
 T - the +2 plate armour of the Storm King (worn) {rPois Str+3 Int+4 Dex+5}
   (You found it in a labyrinth)

   It affects your strength (+3).
   It affects your intelligence (+4).
   It affects your dexterity (+5).
   It protects you from poison.
 U - a +2 ring mail of fire resistance
Jewellery
 o - an uncursed amulet of magic regeneration
 s - an uncursed ring of see invisible
 C - an uncursed ring of flight {unknown}
 G - a +2 ring of strength (left hand)
 I - a ring of protection from fire (right hand)
 M - an uncursed ring of ice
 P - an amulet of guardian spirit (around neck)
 Q - an uncursed ring of protection from cold
Scrolls
 a - 3 scrolls of identify
 d - 4 scrolls of recharging
 h - 12 scrolls of remove curse
 j - 3 scrolls of immolation
 k - a scroll of brand weapon
 l - 5 scrolls of enchant armour
 m - 6 scrolls of noise
 q - 2 scrolls of fear
 r - 8 scrolls of magic mapping
 u - 10 scrolls of teleportation
 v - 2 scrolls of fog
 H - a scroll of summoning
 O - a scroll of torment {unknown}
 V - 2 scrolls of enchant weapon {unknown}
 Y - 2 scrolls of holy word {unknown}
 Z - 5 scrolls of blinking
Potions
 b - a potion of beneficial mutation {unknown}
 g - 6 potions of might
 p - 9 potions of heal wounds
 t - a potion of magic
 w - a potion of berserk rage {unknown}
 A - 2 potions of ambrosia
 B - 2 potions of haste {unknown}
 D - 4 potions of flight
 E - 7 potions of brilliance
 J - 5 potions of curing
 K - 3 potions of resistance {unknown}
 X - 2 potions of agility {unknown}
Miscellaneous
 W - a crystal ball of energy
Comestibles
 c - 12 bread rations
 f - 3 beef jerkies
 i - 18 fruits
 z - 8 meat rations
 L - 8 slices of pizza
 R - 9 royal jellies


   Skills:
 + Level 15.1 Fighting
 + Level 19.8 Axes
 + Level 13.3 Armour
 + Level 5.3 Dodging
 + Level 2.2 Stealth
 + Level 5.0 Shields


You had 13 spell levels left.
You didn't know any spells.

Dungeon Overview and Level Annotations

Branches:
Dungeon (13/15)            Temple (0/1) D:6            Lair (3/6) D:10
 Spider (0/4) Lair:3          Orc (0/2) D:12         Vaults (0/5) D:13
  Swamp: Lair:2-4    Shoals: Lair:2-4

Altars:
Cheibriados
Gozag
Kikubaaqudgha
Qazlal
Sif Muna
Trog
Beogh

Shops:
D:6 ?

Annotations:
Lair:2 exclusion: oklob plant
Lair:3 ohados's ghost, journeyman NaTm


Innate Abilities, Weirdness & Mutations

You reflexively headbutt those who attack you in melee.
You have a pair of horns on your head.


Message History

You destroy the starcursed mass!
Trog accepts your kill.
You are too injured to fight recklessly!
A large abomination comes into view.
You see here a hell hog corpse.
You feel a strong urge to attack something.
The worldbinder calls forth creatures from the Lair of Beasts!
Found a short sword.
A wretched star comes into view.
The worldbinder barely misses you. The worldbinder closely misses you.
You slice the worldbinder like a ripe choko!!!
You destroy the worldbinder!
Trog accepts your kill.
The dream sheep disappears in a puff of smoke!
You are no longer berserk.
You are exhausted.
You feel yourself slow down.
The wretched star glows turbulently.
The orb of energy hits you!
You die...

##..... ##
...#........# ...
........+.#.# .
..##......##..#.
.. #.#...#.......
#..##......##.#.#.
..*....§..##.#...#
.).......††......#
.......@.)#)#.###.
.........####
.........#
.........#
#..##..X.. ##
#...... ...#...
##....##.


You could see a wretched star and a large abomination.

Vanquished Creatures
  Gastronok (Lair:1)
  A daeva (Abyss:3)
  The ghost of mathias the Basher, a journeyman TrGl of Okawaru (D:11)
  A stone giant (Volcano)
  A minotaur (Lab)
  A great orb of eyes (D:13)
  Fannar (D:12)
  7 hydras
  The ghost of Vesto the Skirmisher, a journeyman DsFi of Okawaru (Volcano)
  A vault guard (D:13)
  A centaur warrior (D:13)
  4 hell hogs (Abyss:3)
  A sixfirhy (D:10)
  6 hill giants
  Pikel (D:8)
  3 orc knights (D:12)
  An ugly thing (D:11)
  A necromancer (IceCv)
  A manticore (D:11)
  3 deep elf magi
  A worldbinder (Abyss:3)
  5 slime creatures (D:12)
  A cyclops (D:12)
  A black mamba (Lair:3)
  3 ice statues (IceCv)
  Joseph (Lair:1)
  A molten gargoyle (Volcano)
  2 centaur skeletons
  3 gargoyles
  A spiny frog (Lair:1)
  A rime drake (Lair:2)
  A smoke demon (Abyss:3)
  A demonic crawler (Abyss:3)
  An efreet (Volcano)
  An ancient zyme (Abyss:3)
  3 komodo dragons
  6 ice devils (IceCv)
  A troll (D:11)
  A jumping spider (Lair:3)
  2 two-headed ogres
  A wind drake (shapeshifter) (D:13)
  A queen bee (Lair:1)
  A raiju (shapeshifter) (D:13)
  8 hippogriffs
  A large abomination (Abyss:3)
  3 wyverns
  Sigmund (D:2)
  2 redbacks (Lab)
  20 yaks
  12 starcursed masses (Abyss:3)
  A human (D:7)
  3 fire elementals (Volcano)
  A wraith (D:10)
  A basilisk (Lair:3)
  4 shadows
  7 fire bats (Volcano)
  3 hogs (D:7)
  3 hungry ghosts
  A neqoxec (Abyss:3)
  2 steam dragons (D:11)
  A chaos spawn (Abyss:3)
  Edmund (D:4)
  9 vampire mosquitoes
  6 water moccasins
  A porcupine (Lair:3)
  6 orc warriors
  A porcupine (shapeshifter) (D:11)
  4 sky beasts
  3 ice beasts
  2 phantoms
  Purgy (D:4)
  2 black bears
  14 ogres
  10 wolves
  7 centaurs
  7 crocodiles
  3 big kobolds
  14 bullfrogs
  An earth elemental (Volcano)
  A wyvern zombie (D:6)
  A wyvern skeleton (D:13)
  9 scorpions
  22 killer bees
  3 wights (D:9)
  3 electric eels (Lair:1)
  6 lava snakes (Volcano)
  2 small abominations (Abyss:3)
  2 crimson imps
  3 bullfrog zombies
  2 draconian simulacra (IceCv)
  3 jellies
  9 orc priests
  3 hounds
  3 bullfrog skeletons
  13 orc wizards
  3 iguanas
  14 worker ants
  3 troll simulacra (IceCv)
  3 centaur simulacra (IceCv)
  A hound skeleton (D:10)
  A howler monkey zombie (D:5)
  Robin (D:4)
  A worker ant zombie (D:9)
  A howler monkey skeleton (D:9)
  18 adders
  3 gnolls (D:6)
  2 ogre simulacra (IceCv)
  3 shadow imps
  12 white imps (D:13)
  2 oozes
  An adder zombie (D:5)
  2 adder skeletons
  7 worms
  13 leopard geckos
  60 orcs
  4 ball pythons
  5 bats
  8 giant cockroaches
  14 goblins
  4 hobgoblins
  6 jackals
  26 kobolds
  3 quokkas
  9 frilled lizards
  A leopard gecko skeleton (D:5)
  A quokka skeleton (D:5)
  9 rats
  A bush (D:12)
  2 fungi (D:13)
  15 plants
588 creatures vanquished.

Vanquished Creatures (others)
  An orc wizard (D:3)
  A quokka (D:8)
  A plant (Lair:1)
3 creatures vanquished.

Grand Total: 591 creatures vanquished

Notes
Turn   | Place    | Note
-------+----------+-------------------------------------------
     0 | D:1      | Apert the Minotaur Berserker began the quest for the Orb.
     0 | D:1      | Reached XP level 1. HP: 19/19 MP: 0/0
   583 | D:1      | Reached XP level 2. HP: 27/27 MP: 1/1
   611 | D:2      | Noticed Sigmund
   626 | D:2      | Killed Sigmund
   626 | D:2      | Reached skill level 5 in Fighting
   626 | D:2      | Reached skill level 5 in Axes
   626 | D:2      | Reached XP level 3. HP: 28/36 MP: 2/2
   626 | D:2      | Reached XP level 4. HP: 32/42 MP: 3/3
   626 | D:2      | Reached XP level 5. HP: 37/48 MP: 4/4
   826 | D:2      | Reached ** piety under Trog
  1024 | D:2      | Noticed a moth of wrath
  1026 | D:2      | Found a bloodstained altar of Trog.
  1231 | D:3      | Found a glowing drain.
  1251 | Sewer    | Entered a sewer
  1418 | Sewer    | HP: 2/48 [poisoned by an adder]
  1425 | Sewer    | HP: 1/48 [poisoned by an adder]
  1785 | Sewer    | Reached skill level 6 in Axes
  1785 | Sewer    | Reached XP level 6. HP: 53/56 MP: 5/5
  1885 | D:3      | Reached *** piety under Trog
  2391 | D:3      | Found a faded altar of an unknown god.
  2839 | D:4      | Noticed Edmund
  2842 | D:4      | Noticed Robin
  2849 | D:4      | Killed Edmund
  2849 | D:4      | Reached skill level 7 in Axes
  2849 | D:4      | Reached XP level 7. HP: 63/63 MP: 6/6
  2853 | D:4      | Killed Robin
  3242 | D:4      | Reached **** piety under Trog
  3245 | D:4      | Reached skill level 8 in Axes
  3369 | D:4      | Noticed Purgy
  3369 | D:4      | Reached XP level 8. HP: 68/71 MP: 7/7
  3379 | D:4      | Killed Purgy
  3551 | D:4      | Reached skill level 9 in Axes
  3568 | D:5      | Entered Level 5 of the Dungeon
  3575 | D:5      | Reached skill level 5 in Armour
  3996 | D:5      | Reached skill level 1 in Shields
  4159 | D:5      | Found a deep blue altar of Sif Muna.
  4510 | D:6      | Reached skill level 10 in Axes
  4519 | D:6      | Found a staircase to the Ecumenical Temple.
  4580 | D:6      | Reached skill level 1 in Stealth
  4619 | D:6      | Found Yqumij's Magic Scroll Boutique.
  4622 | D:6      | Bought a scroll of identify for 22 gold pieces
  4952 | D:6      | Reached XP level 9. HP: 71/79 MP: 8/8
  5295 | D:7      | You fall through a shaft for 2 floors!
  5406 | D:9      | Reached ***** piety under Trog
  5437 | D:9      | Reached skill level 11 in Axes
  5543 | D:9      | Noticed a gargoyle
  5556 | D:9      | Killed a gargoyle
  5556 | D:9      | Reached XP level 10. HP: 23/90 MP: 3/9
  5829 | D:7      | Received a gift from Trog
  5856 | D:7      | Reached skill level 12 in Axes
  6884 | D:8      | Found an ancient bone altar of Kikubaaqudgha.
  6955 | D:8      | Noticed Pikel
  6961 | D:8      | Killed Pikel
  6961 | D:8      | Reached skill level 13 in Axes
  7185 | D:8      | Found a stormy altar of Qazlal.
  7185 | D:8      | Found a snail-covered altar of Cheibriados.
  7583 | D:10     | Entered Level 10 of the Dungeon
  7633 | D:10     | Noticed a hill giant
  7642 | D:10     | Killed a hill giant
  7642 | D:10     | Reached skill level 10 in Armour
  7675 | D:10     | Reached XP level 11. HP: 70/99 MP: 7/10
  7682 | D:10     | Reached skill level 10 in Fighting
  7703 | D:10     | Reached skill level 14 in Axes
  8087 | D:10     | Noticed a sixfirhy
  8089 | D:10     | Found a runed door.
  8119 | D:10     | Found a staircase to the Lair.
  8203 | D:10     | Killed a sixfirhy
  8203 | D:10     | Received a gift from Trog
  8207 | D:10     | Got a jewelled broad axe {god gift}
  8213 | D:10     | Identified the +6 broad axe "Pezxaxo" {freeze, Fragile rElec rF+ Str+3} (Trog gifted it to you on level 10 of the Dungeon)
  8533 | D:11     | Reached skill level 15 in Axes
  8571 | D:11     | Noticed a cyan ugly thing
  8581 | D:11     | Killed a cyan ugly thing
  8640 | D:11     | Noticed a hill giant
  8644 | D:11     | Noticed a hill giant
  8647 | D:11     | Killed a hill giant
  8652 | D:11     | Killed a hill giant
  8688 | D:11     | Noticed mathias's ghost (journeyman TrGl)
  8701 | D:11     | Killed mathias's ghost
  8702 | D:11     | Reached skill level 5 in Dodging
  8855 | D:11     | Noticed a seven-headed hydra
  8861 | D:11     | Killed a ten-headed hydra
  8984 | D:11     | Reached XP level 12. HP: 110/110 MP: 11/11
  9169 | D:12     | Reached skill level 16 in Axes
  9267 | D:12     | Found a labyrinth entrance.
  9276 | Lab      | Entered a labyrinth
 10971 | Lab      | Noticed a minotaur
 10977 | Lab      | Killed a minotaur
 11004 | Lab      | Got a slimy battleaxe
 11004 | Lab      | Got a heavily runed plate armour
 11025 | Lab      | Identified the +2 plate armour of the Storm King {rPois Str+3 Int+4 Dex+5} (You found it in a labyrinth)
 11030 | Lab      | Identified the +8 battleaxe "Ymulec" {drain, rN+} (You found it in a labyrinth)
 11105 | D:12     | Reached skill level 5 in Shields
 11146 | D:12     | Noticed Fannar
 11159 | D:12     | Killed Fannar
 11448 | D:12     | Found a roughly hewn altar of Beogh.
 11466 | D:12     | Found a staircase to the Orcish Mines.
 11740 | D:13     | Found a frozen archway.
 11814 | IceCv    | Entered an ice cave
 11950 | IceCv    | Reached skill level 17 in Axes
 12175 | IceCv    | Received a gift from Trog
 12348 | D:13     | Noticed a centaur warrior
 12353 | D:13     | Killed a centaur warrior
 12353 | D:13     | Reached ****** piety under Trog
 12357 | D:13     | Reached XP level 13. HP: 117/122 MP: 12/12
 12462 | D:13     | Paralysed by a great orb of eyes for 2 turns
 12554 | D:13     | Found a gate to the Vaults.
 12752 | D:13     | Reached skill level 18 in Axes
 13325 | D:13     | Found an opulent altar of Gozag.
 13491 | Lair:1   | Entered Level 1 of the Lair of Beasts
 13491 | Lair:1   | Noticed Gastronok
 13501 | Lair:1   | Killed Gastronok
 13623 | Lair:1   | Noticed Joseph
 13887 | Lair:1   | Killed Joseph
 14343 | Lair:1   | You fall through a shaft!
 14764 | Lair:2   | Reached skill level 19 in Axes
 14815 | Lair:2   | Found a dark tunnel.
 14823 | Volcano  | Entered a volcano
 14857 | Volcano  | Noticed Vesto's ghost (journeyman DsFi)
 14872 | Volcano  | Killed Vesto's ghost
 14872 | Volcano  | Received a gift from Trog
 15003 | Volcano  | Noticed a stone giant
 15026 | Volcano  | Killed a stone giant
 15026 | Volcano  | Reached XP level 14. HP: 79/133 MP: 6/13
 15078 | Volcano  | Found a burning altar of Makhleb.
 15753 | Lair:3   | Noticed ohados's ghost (journeyman NaTm)
 16162 | Lair:3   | Found a hole to the Spider Nest.
 16370 | Lair:3   | Cast into level 3 of the Abyss (ohados's ghost)
 16430 | Abyss:3  | Noticed a starcursed mass
 16441 | Abyss:3  | Paralysed by accursed screaming for 1 turns
 16448 | Abyss:3  | Noticed a daeva
 16456 | Abyss:3  | Killed a daeva
 16463 | Abyss:3  | Noticed a starcursed mass
 16511 | Abyss:3  | Received a gift from Trog
 16598 | Abyss:3  | Reached skill level 15 in Fighting
 16599 | Abyss:3  | HP: 10/202 [starcursed mass/accursed screaming (5)]
 16611 | Abyss:3  | Killed from afar by a wretched star

Skill      XL: |  1  2  3  4  5  6  7  8  9 10 11 12 13 14 |
---------------+-------------------------------------------+-----
Fighting       | 4 5 6 7 8 9 11 13 14 15 | 15.1
Axes           | 5 6 7 8 10 11 13 15 17 19 | 19.8
Dodging        | 3 4 5 |  5.3
Armour         | 3 4 6 8 10 11 12 13 | 13.3
Shields        | 2 3 4 5 |  5.0
Stealth        | 1 2 |  2.2

Action                   |  1- 3 |  4- 6 |  7- 9 | 10-12 | 13-15 || total
-------------------------+-------+-------+-------+-------+-------++-------
Melee: Hand axe          |    18 |   170 |   267 |    14 |       ||   469
       Headbutt          |     1 |    17 |    45 |   128 |   114 ||   305
       Battleaxe         |       |       |       |   317 |   376 ||   693
       Broad axe         |       |       |       |   150 |       ||   150
Invok: Berserk           |     1 |     1 |     1 |     7 |     9 ||    19
       Burn Spellbooks   |       |       |       |     1 |     2 ||     3
       Trog's Hand       |       |       |       |     1 |       ||     1
  Use: Scroll            |       |       |    13 |     2 |     9 ||    24
       Potion            |       |       |       |       |     1 ||     1
 Stab: Sleeping          |     1 |     2 |       |       |       ||     3
  Eat: Chunk             |       |     5 |    12 |    21 |    12 ||    50
       Pizza             |       |     1 |       |     1 |     1 ||     3
       Royal jelly       |       |       |       |     1 |     1 ||     2
       Meat ration       |       |       |       |     1 |       ||     1
       Bread ration      |       |       |       |     1 |       ||     1
       Beef jerky        |       |       |       |       |     2 ||     2
Armor: Animal skin       |     3 |     5 |       |       |       ||     8
       Leather armour    |       |    14 |       |       |       ||    14
       Chain mail        |       |    22 |    96 |   138 |       ||   256
       Plate armour      |       |       |       |    62 |   212 ||   274
Dodge: Dodged            |     6 |   101 |    94 |   167 |   165 ||   533
Block: Buckler           |       |       |    29 |    25 |       ||    54
